 Dungeon Crawl Stone Soup version 0.28-a0-863-g8cecda6153 (webtiles) character file.

Game seed: 9918325375175913625

6 Peloso the Skirmisher (level 1, -3/20 HPs)
             Began as a Minotaur Fighter on Nov 19, 2021.
             Slain by a hobgoblin (4 damage)
             ... on level 1 of the Dungeon.
             The game lasted 00:01:10 (55 turns).

Peloso the Skirmisher (Minotaur Fighter)              Turns: 55, Time: 00:01:11

Health: -3/20      AC:  7    Str: 20    XL:     1   Next: 75%
Magic:  0/0        EV:  9    Int:  5    God:
Gold:   0          SH:  4    Dex:  9    Spells: 0/0 levels left

rFire   . . .      SeeInvis .   a - +0 long sword
rCold   . . .      Faith    .   c - +0 buckler
rNeg    . . .      Spirit   .   b - +0 scale mail
rPois   .          Reflect  .   (helmet restricted)
rElec   .          Harm     .   (no cloak)
rCorr   .          Rampage  .   (no gloves)
Will    .....                   (no boots)
Stlth   ..........              (no amulet)
HPRegen 0.06/turn               (no ring)
MPRegen 0.07/turn               (no ring)

@: no status effects
A: horns 2, retaliatory headbutt
a: no special abilities


You were on level 1 of the Dungeon.
You visited 1 branch of the dungeon, and saw 1 of its levels.

Inventory:

Hand Weapons
 a - a +0 long sword (weapon)
Armour
 b - a +0 scale mail (worn)
 c - a +0 buckler (worn)
Potions
 d - a potion of might
 e - a potion of haste {unknown}
 f - a potion of invisibility {unknown}


   Skills:
 + Level 3.8 Fighting
 + Level 2.5 Long Blades
 + Level 3.8 Armour
 + Level 3.7 Shields


You couldn't memorise any spells.
You didn't know any spells.
Your spell library was empty.

Dungeon Overview and Level Annotations

Branches:
Dungeon (1/15)

Altars:


Innate Abilities, Weirdness & Mutations

You have a pair of horns on your head.
You reflexively headbutt those who attack you in melee.


Message History

The jackal bites you but does no damage.
The goblin hits you but does no damage.
The jackal bites you but does no damage.
The kobold closely misses you.
The hobgoblin hits you but does no damage.
You closely miss the kobold.
The kobold is severely wounded.
The jackal bites you but does no damage.
The goblin hits you with a +0 club.
The jackal bites you but does no damage.
The kobold closely misses you. You block the hobgoblin's attack.
The jackal bites you but does no damage.
The goblin hits you but does no damage.
You closely miss the kobold. Your headbutt misses the kobold.
The kobold is severely wounded.
The jackal bites you but does no damage. x2
The jackal barely misses you. You furiously retaliate!
You headbutt the jackal!
You kill the jackal!
The kobold hits you but does no damage. The hobgoblin closely misses you.
The jackal bites you.
* * * LOW HITPOINT WARNING * * *
The jackal completely misses you. The goblin hits you but does no damage.
The hobgoblin closely misses you. The kobold hits you but does no damage.
You barely miss the kobold.
The kobold is severely wounded.
The jackal completely misses you. You furiously retaliate!
You headbutt the jackal. The jackal closely misses you.
The goblin hits you but does no damage. You block the jackal's attack.
The jackal bites you.
* * * LOW HITPOINT WARNING * * *
The hobgoblin hits you.
* * * LOW HITPOINT WARNING * * *
The kobold hits you with a +0 dagger.
* * * LOW HITPOINT WARNING * * *
You slash the kobold!
You kill the kobold!
The jackal bites you but does no damage.
The jackal barely misses you. You block the goblin's attack.
The hobgoblin hits you.
You die...

#(..)...# .# ##.......##
#.##
.###.........###...#
....................# #
....................#..
.....................#
.........<.........#.##
...............g.h....#
................@g..♣
................)h......
.###.........###...♣.♣.
##.......## #.....
#.....!.# ..♣.♣
#.......# .## ..
......... # # .......


You could see 2 jackals, a hobgoblin and a goblin.

Vanquished Creatures
  A dart slug (D:1)
  An endoplasm (D:1)
  A jackal (D:1)
  A goblin (D:1)
  A kobold (D:1)
5 creatures vanquished.

Notes
Turn   | Place    | Note
-------+----------+-------------------------------------------
     0 | D:1      | Peloso the Minotaur Fighter began the quest for the Orb.
     0 | D:1      | Reached XP level 1. HP: 19/19 MP: 0/0
    54 | D:1      | HP: 1/20 [kobold (3)]
    55 | D:1      | Slain by a hobgoblin

Illustrated notes

Levels and vault maps discovered:
D:1:      minmay_arrival_four_circles, layout_loops_ring, serial_forest,
          infiniplex_forest_pool, infiniplex_forest_end_double,
          infiniplex_forest_straight_2, infiniplex_forest_lined_room_2,
          infiniplex_forest_clump_tiny, infiniplex_forest_end_1,
          infiniplex_forest_lined_2, infiniplex_forest_fountain,
          shapermc_ecumenical_altar_flowoftime

Action                   || total
-------------------------++-------
Melee: Long sword        ||    10
       Headbutt          ||     1
Armor: Scale mail        ||    26
Dodge: Dodged            ||    12
Block: Buckler           ||     5

Table legend: (Time is in decaauts)
 A = Elapsed time spent in this place.
 B = Non-inter-level travel time spent in this place.
 C = Inter-level travel time spent in this place.
 D = Time resting spent in this place.
 E = Time spent auto-exploring this place.
 F = Levels seen in this place.
 G = Mean time per level.
                   A        B        C        D        E       F      G
               +--------+--------+--------+--------+--------+-----+--------+
         Total |     57 |     57 |      0 |      0 |     32 |   1 |   57.0 |
       Dungeon |     57 |     57 |      0 |      0 |     32 |   1 |   57.0 |
               +--------+--------+--------+--------+--------+-----+--------+

Top non-repeatable levels by time:
     D:1: 57 daAuts
